 Dungeon Crawl Stone Soup version 0.21-a0-348-ga060c75 (webtiles) character file.

11358 4thArraOfDagon the Fighter (level 11, -1/92 HPs)
             Began as a Gnoll Wanderer on Oct 6, 2017.
             Was an Initiate of Ru.
             Slain by a yak (13 damage)
             ... on level 11 of the Dungeon.
             The game lasted 00:30:53 (5307 turns).

4thArraOfDagon the Fighter (Gnoll Wanderer)         Turns: 5307, Time: 00:30:53

Health: -1/92      AC: 13    Str: 19    XL:     11   Next: 76%
Magic:  20/20      EV: 15    Int: 17    God:    Ru [......]
Gold:   476        SH:  0    Dex: 16    Spells: 15/23 levels left

rFire    . . .     SeeInvis .   j - +4 war axe
rCold    . . .     Gourm    .   (no shield)
rNeg     + . .     Faith    .   l - +2 ring mail {rN+}
rPois    .         Spirit   .   (no helmet)
rElec    .         Reflect  .   M - +2 cloak
rCorr    .         Harm     .   (no gloves)
MR       ++...     Clarity  +   u - +0 pair of boots
Stlth    +++.......             E - amulet of magic regeneration
HPRegen  0.25/turn              e - ring of protection from magic
MPRegen  0.42/turn              o - ring of protection from magic

@: mighty
A: distributed training, fangs 1, blurry vision 2, clarity, screaming 1, strong
nose
a: Renounce Religion


You were on level 11 of the Dungeon.
You worshipped Ru.
Ru was noncommittal.
You were not hungry.

You visited 1 branch of the dungeon, and saw 11 of its levels.

You collected 476 gold pieces.

Inventory:

Hand Weapons
 a - a +2 mace
 b - a +0 shortbow
 i - a +0 war axe of flaming
 j - a +4 war axe (weapon)
 r - a +0 vampiric hand axe
 z - a +2 morningstar of draining
 C - a +2 morningstar of protection
 N - the +3 hand axe "Moddeu" {chop, -Tele Dex+6}
   (You found it on level 8 of the Dungeon)

   It inflicts extra damage upon your enemies.
   It affects your dexterity (+6).
   It prevents most forms of teleportation.
Missiles
 c - 51 arrows
Armour
 d - a +0 ring mail
 l - a +2 ring mail of positive energy (worn)
 u - a +0 pair of boots (worn)
 x - a +0 robe of magic resistance
 L - a +0 cloak
 M - a +2 cloak (worn)
Jewellery
 e - a ring of protection from magic (left hand)
 o - a ring of protection from magic (right hand)
 E - an amulet of magic regeneration (around neck)
Wands
 v - a wand of iceblast (0/15)
 A - a wand of paralysis (0/24)
 I - a wand of flame (10/48)
 O - a wand of confusion (26/48)
 P - a wand of lightning (1/15)
Scrolls
 m - 2 scrolls of identify
 n - a scroll of amnesia
 s - 3 scrolls of remove curse
 t - a scroll of blinking
 w - 2 scrolls of teleportation
 y - 2 scrolls of fear
 K - a scroll of noise
Potions
 g - a potion of curing
 k - a potion of brilliance
 p - a potion of might
Miscellaneous
 Q - a fan of gales
Comestibles
 f - 7 bread rations
 q - a royal jelly
 B - 3 meat rations


   Skills:
 + Level 10.6 Fighting
 + Level 6.5 Short Blades
 + Level 6.5 Long Blades
 + Level 6.5 Axes
 + Level 8.0 Maces & Flails
 + Level 6.5 Polearms
 + Level 6.5 Staves
 + Level 6.5 Slings
 + Level 6.5 Bows
 + Level 6.5 Crossbows
 + Level 7.0 Throwing
 + Level 8.0 Armour
 + Level 6.5 Dodging
 + Level 6.5 Stealth
 + Level 6.5 Shields
 + Level 6.5 Unarmed Combat
 + Level 6.5 Spellcasting
 + Level 6.5 Conjurations
 + Level 6.5 Hexes
 + Level 6.5 Charms
 + Level 6.5 Summonings
 + Level 6.5 Necromancy
 + Level 6.5 Translocations
 + Level 6.5 Transmutations
 + Level 6.5 Fire Magic
 + Level 6.5 Ice Magic
 + Level 6.5 Air Magic
 + Level 6.5 Earth Magic
 + Level 6.5 Poison Magic
 + Level 6.5 Invocations
 + Level 7.0 Evocations


You had 15 spell levels left.
You knew the following spells:

 Your Spells              Type           Power        Failure   Level  Hunger
a - Freezing Cloud        Conj/Ice/Air   ####......   90%         6    #######
b - Apportation           Tloc           ####..       1%          1    None
c - Animate Skeleton      Necr           N/A          1%          1    None


Dungeon Overview and Level Annotations

Branches:
Dungeon (11/15)            Temple (0/1) D:5            Lair (0/6) D:9
    Orc (0/2) D:9

Altars:
Fedhas
Ru
Sif Muna
Trog
Uskayaw
Vehumet
Wu Jian
Xom

Annotations:
D:9 2 transporters


Innate Abilities, Weirdness & Mutations

Your experience applies equally to all skills.
You have very sharp teeth.
Your uncanny sense of smell can sniff out nearby items.
Scrolls take you longer to read.
You possess an exceptional clarity of mind.
You occasionally shout uncontrollably at your foes.


Message History

Your +0 pair of boots unmelds from your body.
Your +2 ring mail of positive energy unmelds from your body.
You feel more protected from negative energy.
You hear a shout!
The yak gores you.
* * * LOW HITPOINT WARNING * * *
Unknown command.
The yak misses you.
Items here: )) [[ a mace of draining; a robe; a short sword of freezing; a robe Unknown command.
Unknown command.
Unknown command.
Unknown command.
Evoke which item? (* to show all) (? for menu, Esc to quit)
Aiming: Confuse
Press: ? - help, Shift-Dir - straight line, f - yak
Aim: a yak (chance to defeat MR: 67%)
The yak struggles to resist.
This wand has 26 charges left.
The yak gores you!
You die...

.### .# # ..... .#.#
.....#########.#.##.
#.....<...........
##.......z##....#
#..?..l..##...###
####...Y.#.$....# .#
##.Yz.#@#
....#.....#Y#
#?....###Y#
#..###.Y)Yh# #?.#
#...[Y...# ..#
#.######..# (. #$
#.# .. ... ∆ ... ∆
#..


You could see 4 yaks and a black bear.

Vanquished Creatures
  Erolcha (D:10)
  3 two-headed ogres
  An ugly thing (D:11)
  Maurice (D:9)
  2 trolls
  The ghost of Adsefer the Skirmisher, an amateur GnFi (D:3)
  A polar bear (shapeshifter) (D:7)
  Prince Ribbit (D:5)
  Grinder (D:6)
  A spriggan (D:7)
  12 yaks
  A wyvern (D:8)
  A hungry ghost (D:7)
  An orc warrior (D:9)
  An ice beast (D:7)
  A hell hound (D:9)
  2 sky beasts (D:7)
  3 black bears
  4 ogres
  5 centaurs
  A big kobold (D:9)
  Blork the orc (D:5)
  7 bullfrogs
  A wyvern zombie (D:9)
  2 scorpions
  A wyvern skeleton (D:10)
  15 wights
  3 howler monkeys
  3 centaur zombies
  2 bullfrog zombies
  4 crimson imps
  6 orc priests
  6 hounds
  2 bullfrog skeletons
  2 centaur skeletons
  2 orc wizards (D:7)
  Terence (D:2)
  2 iguanas
  Natasha (D:2)
  5 worker ants
  2 hound skeletons
  3 worker ant zombies
  10 gnolls
  8 adders
  A shadow imp (D:7)
  An ooze (D:4)
  3 worms
  3 dart slugs
  9 leopard geckos
  27 orcs
  3 bats
  6 giant cockroaches
  10 goblins
  7 hobgoblins
  13 jackals
  11 quokkas
  3 ball pythons
  4 frilled lizards
  15 kobolds
  A quokka skeleton (D:4)
  5 rats
256 creatures vanquished.

Vanquished Creatures (others)
  A rat (D:2)
1 creature vanquished.

Grand Total: 257 creatures vanquished

Notes
Turn   | Place    | Note
-------+----------+-------------------------------------------
     0 | D:1      | 4thArraOfDagon the Gnoll Wanderer began the quest for the Orb.
     0 | D:1      | 4thArraOfDagon set off with: a +2 mace, a +0 shortbow, 23 arrows, a +0 ring mail, a bread ration
     0 | D:1      | Reached XP level 1. HP: 26/26 MP: 2/2
     2 | D:1      | Noticed a centaur
     2 | D:1      | Noticed a spriggan
     4 | D:1      | Noticed a troll
     4 | D:1      | Noticed a vine stalker
     6 | D:1      | Noticed a demigod
     6 | D:1      | Noticed a dwarf
     8 | D:1      | Noticed a gargoyle
    10 | D:1      | Noticed a vampire
    10 | D:1      | Noticed an octopode
    12 | D:1      | Noticed a tengu
    14 | D:1      | Noticed a formicid
    14 | D:1      | Noticed an elf
    16 | D:1      | Noticed a halfling
    16 | D:1      | Noticed a naga
    18 | D:1      | Noticed an ogre
    18 | D:1      | Noticed a minotaur
    20 | D:1      | Noticed a felid
    22 | D:1      | Noticed a merfolk
    24 | D:1      | Noticed a demonspawn
    24 | D:1      | Noticed a ghoul
    26 | D:1      | Noticed a human
    26 | D:1      | Noticed a draconian
   108 | D:3      | Reached XP level 2. HP: 32/33 MP: 3/3
   181 | D:3      | Reached XP level 3. HP: 27/38 MP: 4/4
   484 | D:5      | Entered Level 5 of the Dungeon
   484 | D:5      | Noticed Prince Ribbit
   499 | D:5      | Found a deep blue altar of Sif Muna.
   512 | D:5      | Reached skill level 1 in Short Blades
   512 | D:5      | Reached skill level 1 in Long Blades
   512 | D:5      | Reached skill level 1 in Axes
   512 | D:5      | Reached skill level 1 in Polearms
   512 | D:5      | Reached skill level 1 in Staves
   512 | D:5      | Reached skill level 1 in Slings
   512 | D:5      | Reached skill level 1 in Bows
   512 | D:5      | Reached skill level 1 in Crossbows
   512 | D:5      | Reached skill level 1 in Dodging
   512 | D:5      | Reached skill level 1 in Stealth
   512 | D:5      | Reached skill level 1 in Shields
   512 | D:5      | Reached skill level 1 in Unarmed Combat
   512 | D:5      | Reached skill level 1 in Spellcasting
   512 | D:5      | Reached skill level 1 in Conjurations
   512 | D:5      | Reached skill level 1 in Hexes
   512 | D:5      | Reached skill level 1 in Charms
   512 | D:5      | Reached skill level 1 in Summonings
   512 | D:5      | Reached skill level 1 in Necromancy
   512 | D:5      | Reached skill level 1 in Translocations
   512 | D:5      | Reached skill level 1 in Transmutations
   512 | D:5      | Reached skill level 1 in Fire Magic
   512 | D:5      | Reached skill level 1 in Ice Magic
   512 | D:5      | Reached skill level 1 in Air Magic
   512 | D:5      | Reached skill level 1 in Earth Magic
   512 | D:5      | Reached skill level 1 in Poison Magic
   512 | D:5      | Reached skill level 1 in Invocations
   546 | D:5      | Reached XP level 4. HP: 29/45 MP: 6/6
   625 | D:4      | Reached XP level 5. HP: 44/51 MP: 7/7
   966 | D:5      | Noticed Blork the orc
   972 | D:5      | Killed Blork the orc
   972 | D:5      | Reached XP level 6. HP: 51/57 MP: 8/8
  1092 | D:6      | Reached skill level 5 in Maces & Flails
  1092 | D:6      | Reached skill level 5 in Armour
  1094 | D:6      | Found a shimmering altar of Xom.
  1095 | D:6      | Found a sacrificial altar of Ru.
  1100 | D:6      | Became a worshipper of Ru the Awakened
  1111 | D:6      | Reached XP level 7. HP: 31/63 MP: 8/10
  1290 | D:4      | Reached skill level 9 in Fighting
  1312 | D:3      | Noticed Adsefer's ghost (amateur GnFi)
  1728 | D:2      | Found a bloodstained altar of Trog.
  1774 | D:2      | Found a blossoming altar of Fedhas.
  1778 | D:2      | p0werm0de: AVENGE ME!!
  1778 | D:2      | p0werm0de: !hs * gn--
  1778 | D:2      | beem: 16554. Yermak the Slayer (L27 GnTm of Makhleb), escaped with the Orb and 15 runes on 2017-10-05 12:21:13, with 46901339 points after 30947 turns and 7:27:04.
  1778 | D:2      | p0werm0de: pretty tough !! ;D
  1778 | D:2      | p0werm0de: https://soundcloud.com/thebergenz/meeresrausch-festival-2017-korallenriff-closing
  1778 | D:2      | p0werm0de: hope this helps ya
  1778 | D:2      | p0werm0de: gl!
  1797 | D:2      | Found a radiant altar of Vehumet.
  1825 | D:2      | Noticed Natasha
  1825 | D:2      | Noticed Terence
  1837 | D:2      | Killed Terence
  1837 | D:2      | Reached XP level 8. HP: 67/71 MP: 12/12
  1839 | D:2      | Killed Natasha
  2081 | D:3      | Killed Adsefer's ghost
  2361 | D:5      | Killed Prince Ribbit
  2400 | D:5      | Found a staircase to the Ecumenical Temple.
  2444 | D:6      | Found an ornate altar of the Wu Jian Council.
  2478 | D:6      | Noticed Grinder
  2493 | D:6      | Paralysed by Grinder for 5 turns
  2514 | D:6      | Killed Grinder
  2514 | D:6      | Reached XP level 9. HP: 42/76 MP: 14/14
  3046 | D:6      | Reached skill level 5 in Throwing
  3046 | D:6      | Reached skill level 5 in Evocations
  3342 | D:7      | Gained mutation: You occasionally shout uncontrollably at your foes. [mutagenic meat]
  3343 | D:7      | Gained mutation: Scrolls take you a little longer to read. [mutagenic meat]
  3424 | D:7      | Gained mutation: You possess an exceptional clarity of mind. [mutagenic meat]
  3425 | D:7      | Gained mutation: Scrolls take you longer to read. [mutagenic meat]
  3454 | D:7      | Noticed a two-headed ogre
  3478 | D:7      | Killed a two-headed ogre
  3478 | D:7      | Reached XP level 10. HP: 83/85 MP: 15/17
  3609 | D:7      | Reached skill level 5 in Short Blades
  3609 | D:7      | Reached skill level 5 in Long Blades
  3609 | D:7      | Reached skill level 5 in Axes
  3609 | D:7      | Reached skill level 5 in Polearms
  3609 | D:7      | Reached skill level 5 in Staves
  3609 | D:7      | Reached skill level 5 in Slings
  3609 | D:7      | Reached skill level 5 in Bows
  3609 | D:7      | Reached skill level 5 in Crossbows
  3609 | D:7      | Reached skill level 5 in Dodging
  3609 | D:7      | Reached skill level 5 in Stealth
  3609 | D:7      | Reached skill level 5 in Shields
  3609 | D:7      | Reached skill level 5 in Unarmed Combat
  3609 | D:7      | Reached skill level 5 in Spellcasting
  3609 | D:7      | Reached skill level 5 in Conjurations
  3609 | D:7      | Reached skill level 5 in Hexes
  3609 | D:7      | Reached skill level 5 in Charms
  3609 | D:7      | Reached skill level 5 in Summonings
  3609 | D:7      | Reached skill level 5 in Necromancy
  3609 | D:7      | Reached skill level 5 in Translocations
  3609 | D:7      | Reached skill level 5 in Transmutations
  3609 | D:7      | Reached skill level 5 in Fire Magic
  3609 | D:7      | Reached skill level 5 in Ice Magic
  3609 | D:7      | Reached skill level 5 in Air Magic
  3609 | D:7      | Reached skill level 5 in Earth Magic
  3609 | D:7      | Reached skill level 5 in Poison Magic
  3609 | D:7      | Reached skill level 5 in Invocations
  3654 | D:7      | Noticed a two-headed ogre
  3664 | D:7      | Killed a two-headed ogre
  3664 | D:7      | Reached skill level 10 in Fighting
  3739 | D:7      | Learned a level 6 spell: Freezing Cloud
  3982 | D:8      | Identified a scroll of acquirement
  3998 | D:8      | Learned a level 1 spell: Apportation
  4000 | D:8      | Learned a level 1 spell: Animate Skeleton
  4072 | D:8      | p0werm0de: did ya check that track
  4101 | D:8      | 4thArraOfDagon: which one?
  4107 | D:8      | p0werm0de: its local djs from my hometown ;D
  4110 | D:8      | p0werm0de: https://soundcloud.com/thebergenz/meeresrausch-festival-2017-korallenriff-closing
  4110 | D:8      | p0werm0de: this
  4110 | D:8      | 4thArraOfDagon: lets see
  4110 | D:8      | p0werm0de: the got a treehouse motel at some castle and are rly acid heads
  4110 | D:8      | 4thArraOfDagon: that's some nice chilly beats
  4111 | D:8      | p0werm0de: http://www.robins-nest.de/baumhaeuser.html
  4112 | D:8      | p0werm0de: ye
  4115 | D:8      | p0werm0de: enjoy
  4151 | D:8      | p0werm0de: they rly make nice partys tehre
  4167 | D:8      | p0werm0de: D;
  4197 | D:9      | p0werm0de: and take down that hs alrdy
  4223 | D:9      | Found a transporter.
  4245 | D:9      | Found a transporter.
  4256 | D:9      | Noticed Maurice
  4275 | D:9      | Killed Maurice
  4362 | D:8      | Got a transparent hand axe
  4363 | D:8      | Identified the +3 hand axe "Moddeu" {chop, -Tele Dex+6} (You found it on level 8 of the Dungeon)
  4441 | D:9      | Found a staircase to the Orcish Mines.
  4517 | D:9      | Reached XP level 11. HP: 37/91 MP: 19/19
  4612 | D:9      | 4thArraOfDagon: :)
  4645 | D:9      | Found a hide-covered altar of Uskayaw.
  4671 | D:9      | 4thArraOfDagon: oo
  4671 | D:9      | 4thArraOfDagon: its like boiler room but in forest
  4685 | D:9      | p0werm0de: yep ;D
  4761 | D:9      | Found a staircase to the Lair.
  4831 | D:9      | 4thArraOfDagon: where is it, Ger?
  4831 | D:9      | p0werm0de: ye near göttingen germany
  4848 | D:9      | p0werm0de: witzenhausen small town
  4857 | D:10     | Entered Level 10 of the Dungeon
  4880 | D:10     | Noticed Erolcha
  4892 | D:10     | Killed Erolcha
  4892 | D:10     | p0werm0de: full or organic eco freaks but also techno scene
  4927 | D:10     | p0werm0de: *of
  4957 | D:10     | arkorax: ;)
  4964 | D:10     | Noticed a two-headed ogre
  4979 | D:10     | p0werm0de: peace arko
  4987 | D:10     | Killed a two-headed ogre
  4996 | D:10     | p0werm0de: i splatted 2-3 promising runs again
  5027 | D:10     | p0werm0de: one of em in pan got shattered :>
  5137 | D:10     | Noticed a two-headed ogre
  5181 | D:10     | 4thArraOfDagon: which, gnoll?
  5187 | D:11     | p0werm0de: no DsFe
  5211 | D:10     | p0werm0de: i wont run gnoll more prob
  5237 | D:11     | p0werm0de: that CK is alrite for me
  5240 | D:11     | Noticed a red ugly thing
  5246 | D:11     | 4thArraOfDagon: ye, its quite solid
  5259 | D:11     | Killed a red ugly thing
  5307 | D:11     | Slain by a yak

Vault maps used:
D:1:      kb_arrival_jail
D:2:      fiery_altar_vehumet, lemuel_coloured_pillars_altar,
          old_standard_altar, uniq_natasha, uniq_terence
D:3:      marbit_many_paths, first_bread
D:5:      lemuel_round_altar, minmay_temple_entry_purple_smoke,
          uniq_prince_ribbit1, uniq_blork_the_orc
D:6:      lemuel_crystal_altar, gammafunk_temple_overflow_wave, uniq_grinder
D:7:      minmay_the_grid_octo_tiled_octocenter, the_bakery
D:9:      gammafunk_steamed_eel, lemuel_mausoleum_altar_yredelemnul,
          overflow_temple_1_default, minmay_lair_entry_lava, uniq_maurice
D:10:     uniq_erolcha
D:11:     grunt_dithmenos_smoke_and_mirrors

Skill      XL: |  1  2  3  4  5  6  7  8  9 10 11 |
---------------+----------------------------------+-----
Short Blades   | 1 2 3 4 5 6 |  6.5
Long Blades    | 1 2 3 4 5 6 |  6.5
Axes           | 1 2 3 4 5 6 |  6.5
Polearms       | 1 2 3 4 5 6 |  6.5
Staves         | 1 2 3 4 5 6 |  6.5
Slings         | 1 2 3 4 5 6 |  6.5
Bows           | 1 2 3 4 5 6 |  6.5
Crossbows      | 1 2 3 4 5 6 |  6.5
Dodging        | 1 2 3 4 5 6 |  6.5
Stealth        | 1 2 3 4 5 6 |  6.5
Shields        | 1 2 3 4 5 6 |  6.5
Unarmed Combat | 1 2 3 4 5 6 |  6.5
Spellcasting   | 1 2 3 4 5 6 |  6.5
Conjurations   | 1 2 3 4 5 6 |  6.5
Hexes          | 1 2 3 4 5 6 |  6.5
Charms         | 1 2 3 4 5 6 |  6.5
Summonings     | 1 2 3 4 5 6 |  6.5
Necromancy     | 1 2 3 4 5 6 |  6.5
Translocations | 1 2 3 4 5 6 |  6.5
Transmutations | 1 2 3 4 5 6 |  6.5
Fire Magic     | 1 2 3 4 5 6 |  6.5
Ice Magic      | 1 2 3 4 5 6 |  6.5
Air Magic      | 1 2 3 4 5 6 |  6.5
Earth Magic    | 1 2 3 4 5 6 |  6.5
Poison Magic   | 1 2 3 4 5 6 |  6.5
Invocations    | 1 2 3 4 5 6 |  6.5
Throwing       | 3 4 5 6 7 |  7.0
Evocations     | 3 4 5 6 7 |  7.0
Maces & Flails | 5 6 7 8 |  8.0
Armour         | 5 6 7 8 |  8.0
Fighting       | 9 10 | 10.6

Action                   |  1- 3 |  4- 6 |  7- 9 | 10-12 || total
-------------------------+-------+-------+-------+-------++-------
Melee: Mace              |    21 |       |       |       ||    21
       War axe           |    60 |    70 |   323 |   184 ||   637
       Bite              |     7 |    10 |    44 |    45 ||   106
       Punch             |       |     1 |     6 |     8 ||    15
       Morningstar       |       |       |    28 |    61 ||    89
       Hand axe          |       |       |       |    38 ||    38
Invok: Reject Sacrifices |       |       |     1 |       ||     1
Evoke: Wand              |       |     2 |     7 |    19 ||    28
  Use: Scroll            |     1 |     4 |     6 |    10 ||    21
       Potion            |       |     6 |     4 |     6 ||    16
 Stab: Sleeping          |     3 |     1 |     6 |     5 ||    15
       Paralysed         |       |       |     8 |    33 ||    41
  Eat: Chunk             |       |     1 |    11 |     3 ||    15
       Fruit             |       |       |     3 |     4 ||     7
       Royal jelly       |       |       |       |     2 ||     2
Armor: Ring mail         |    42 |    39 |   123 |    85 ||   289
       Skin              |       |       |       |    36 ||    36
Dodge: Dodged            |    49 |    62 |   252 |   183 ||   546

Table legend:
 A = Spawn XP
 B = Non-spawn XP
 C = Spawn XP percentage of total XP
 D = Spawn monster count
 E = Non-spawn monster count
 F = Spawn count percentage of total count
 G = Total turns spent on level
                    A         B        C        D         E        F      G
               +---------+---------+-------+---------+---------+-------+---------
         Total |       0 |   16227 |   0.0 |       0 |     256 |   0.0 |  5307
               +---------+---------+-------+---------+---------+-------+---------
           D:1 |       0 |      36 |   0.0 |       0 |      20 |   0.0 |   385
           D:2 |       0 |     129 |   0.0 |       0 |      23 |   0.0 |   342
           D:3 |       0 |     442 |   0.0 |       0 |      33 |   0.0 |   559
           D:4 |       0 |     216 |   0.0 |       0 |      17 |   0.0 |   596
           D:5 |       0 |     505 |   0.0 |       0 |       9 |   0.0 |   334
           D:6 |       0 |    1320 |   0.0 |       0 |      24 |   0.0 |   553
           D:7 |       0 |    4792 |   0.0 |       0 |      49 |   0.0 |  1194
           D:8 |       0 |     418 |   0.0 |       0 |       8 |   0.0 |   292
           D:9 |       0 |    3015 |   0.0 |       0 |      42 |   0.0 |   616
          D:10 |       0 |    2919 |   0.0 |       0 |      14 |   0.0 |   364
          D:11 |       0 |    2435 |   0.0 |       0 |      17 |   0.0 |    72
               +---------+---------+-------+---------+---------+-------+---------
